 Dungeon Crawl Stone Soup version 0.28.0 (webtiles) character file.

Game seed: 9028326565439805110

84 Dani the Chopper (level 4, -2/36 HPs)
             Began as a Palentonga Artificer on Feb 5, 2022.
             Slain by an adder (3 damage)
             ... on level 3 of the Dungeon.
             The game lasted 00:06:59 (3217 turns).

Dani the Chopper (Palentonga Artificer)             Turns: 3217, Time: 00:06:59

Health: -2/36      AC:  4    Str: 18      XL:     4   Next: 24%
Magic:  4/4        EV:  9    Int:  8 (11) God:
Gold:   85         SH:  0    Dex:  9 (10) Spells: 3/3 levels left

rFire   . . .      SeeInvis +   o - +0 hand axe
rCold   . . .      Faith    .   (no shield)
rNeg    . . .      Spirit   .   b - +0 leather armour
rPois   .          Reflect  .   (no helmet)
rElec   .          Harm     .   (no cloak)
rCorr   .          Rampage  .   (no gloves)
Will    .....                   (no barding)
Stlth   +.........              (no amulet)
HPRegen 0.12/turn               (no ring)
MPRegen 0.09/turn               (no ring)

@: mighty, lethally poisoned (-2 -> -12), hasted, very quick
A: large, rugged brown scales 3, see invisible, deformed body, roll 1, armoured
tail
a: Rolling Charge


You were on level 3 of the Dungeon.
You visited 1 branch of the dungeon, and saw 3 of its levels.

You collected 109 gold pieces.
You spent 24 gold pieces at shops.

Inventory:

Hand Weapons
 a - a +0 club
 i - a +0 spear
   (You found it on level 1 of the Dungeon)
 l - a +0 mace
   (You found it on level 2 of the Dungeon)
 o - a +0 hand axe (weapon)
   (You took it off an orc on level 3 of the Dungeon)
Missiles
 g - 4 javelins
Armour
 b - a +0 leather armour (worn)
Wands
 d - a wand of charming (10) (quivered)
 I - a wand of iceblast (11)
   (You found it on level 3 of the Dungeon)
 V - a wand of flame (15)
Scrolls
 h - a scroll of torment {unknown}
 j - 2 scrolls of noise {unknown}
 m - a scroll of blinking {unknown}
 n - a scroll of magic mapping {unknown}
Miscellaneous
 e - a piece from Xom's chessboard (15/15)


   Skills:
 + Level 2.4 Fighting
 * Level 3.1 Axes
 - Level 1.5 Armour
 - Level 0.7 Dodging
 - Level 0.5 Stealth
 - Level 2.6 Evocations


You had 3 spell levels left.
You didn't know any spells.
Your spell library contained the following spells:

 Spells                   Type           Power      Damage    Failure   Level
 Blink                    Tloc           0%         N/A       61%         2
 Lesser Beckoning         Tloc           0%         N/A       83%         3
 Manifold Assault         Tloc           0%         N/A       100%        5
 Storm Form               Tmut/Air       0%         N/A       100%        7


Dungeon Overview and Level Annotations

Branches:
Dungeon (3/15)

Altars:
Dithmenos

Shops:
D:2 **[

Annotations:
D:2 Terence


Innate Abilities, Weirdness & Mutations

You are completely covered in rugged brown scales. (AC +3, +7% HP)
You have supernaturally acute eyesight. (SInv)
Armour fits poorly on your strangely shaped body.
You can roll at nearby foes to attack.
You have a long armoured tail.


Message History

No target in view!
No target in view!
HP restored.
Things that are here:
a +0 short sword; a stone Key pressed, stopping explore.
Key pressed, stopping explore.
Key pressed, stopping explore.
A rat comes into view.
The rat moves out of view.
A rat is nearby!
The rat barely misses you.
You barely miss the rat. The rat bites you but does no damage.
You hit the rat.
The rat is severely wounded.
The rat closely misses you.
You hit the rat.
You kill the rat!
No target in view!
No target in view!
Key pressed, stopping explore.
Key pressed, stopping explore.
Things that are here:
a +0 robe; a +0 dagger; a +0 hand axe
Things that are here:
a +0 trident; an orc skeleton Search for what [Enter for "armor", or ? for help]? armor
Things that are here:
a +0 robe; a +0 dagger; a +0 hand axe An adder comes into view.
The adder hisses angrily.
An adder is nearby!
An adder is nearby!
An adder is nearby!
An adder is nearby!
An adder is nearby!
You miss the adder. The adder bites you.
The adder bites you but does no damage.
You miss the adder. The adder bites you but does no damage.
You barely miss the adder. The adder misses you.
The adder bites you but does no damage.
You closely miss the adder. The adder bites you.
You closely miss the adder. The adder bites you.
You barely miss the adder. The adder barely misses you.
The adder bites you but does no damage.
You barely miss the adder.
Your tail-slap misses the adder.
The adder bites you but does no damage.
You hit the adder.
The adder is moderately wounded.
The adder bites you.
You are poisoned.
The adder poisons you! The adder bites you.
You miss the adder.
The adder is moderately wounded.
You feel sick. The adder bites you. x2
* * * LOW HITPOINT WARNING * * *
You are more poisoned.
The adder poisons you!
You hit the adder.
The adder is heavily wounded.
You feel very sick. The adder bites you.
* * * LOW HITPOINT WARNING * * *
You are more poisoned.
The adder poisons you!
You hit the adder. Your punch misses the adder.
The adder is heavily wounded.
You feel very sick. The adder bites you but does no damage.
You miss the adder.
The adder is heavily wounded.
You feel very sick. The adder bites you.
* * * LOW HITPOINT WARNING * * *
You are lethally poisoned!
The adder poisons you! The adder bites you.
* * * LOW HITPOINT WARNING * * *
You are too injured to fight recklessly!
You are too injured to fight recklessly!
You are too injured to fight recklessly!
Okay, then.
Unknown command.
Unknown command.
It was a potion of haste.
You feel yourself speed up.
* * * LOW HITPOINT WARNING * * *
You feel very sick. The adder bites you.
* * * LOW HITPOINT WARNING * * *
You are more poisoned.
The adder poisons you!
It was a potion of might.
You feel very mighty all of a sudden.
* * * LOW HITPOINT WARNING * * *
You feel sick. The adder barely misses you.
You closely miss the adder.
Your tail-slap misses the adder.
The adder is heavily wounded.
* * * LOW HITPOINT WARNING * * *
You feel very sick. The adder bites you.
You die...

############
.......)[..# #
##########.#########...#
# ##......@S...... #
##...########...# #####
##.#.#.## # ....#
#.##..#.#
###.####.#...## #
#.........##
###.######..# ....# ##.#
###########.#######


You could see an adder.

Vanquished Creatures
  5 dart slugs
  An orc (D:3)
  4 ball pythons
  4 endoplasms
  5 giant cockroaches
  A goblin (D:2)
  6 hobgoblins
  2 jackals (D:1)
  2 quokkas
  4 bats (D:2)
  3 frilled lizards
  5 kobolds
  3 rats
45 creatures vanquished.

Vanquished Creatures (collateral kills)
  An orc wizard (D:3)
1 creature vanquished.

Vanquished Creatures (others)
  2 orcs (D:3)
2 creatures vanquished.

Grand Total: 48 creatures vanquished

Notes
Turn   | Place    | Note
-------+----------+-------------------------------------------
     0 | D:1      | Dani the Palentonga Artificer began the quest for the Orb.
     0 | D:1      | Reached XP level 1. HP: 16/16 MP: 1/1
   169 | D:1      | Reached skill level 1 in Axes
   347 | D:1      | Reached XP level 2. HP: 20/22 MP: 2/2
  1147 | D:2      | Reached skill level 2 in Axes
  1495 | D:2      | Found Iziqihie's General Store.
  1505 | D:2      | Reached XP level 3. HP: 18/28 MP: 3/3
  1775 | D:2      | Found a shadowy altar of Dithmenos.
  1900 | D:2      | Reached skill level 2 in Fighting
  2114 | D:2      | Found Hubutono's Armour Boutique.
  2114 | D:2      | Found Owkiefum's Assorted Antiques.
  2122 | D:2      | Bought a scroll labelled POQ JUALIJE for 24 gold pieces
  2307 | D:3      | Noticed Terence
  2320 | D:3      | HP: 3/28 [Terence (8)]
  2800 | D:3      | Reached skill level 3 in Axes
  2800 | D:3      | Reached XP level 4. HP: 13/36 MP: 4/4
  3215 | D:3      | HP: 7/36 [poisoned by an adder]
  3217 | D:3      | HP: 1/36 [poisoned by an adder]
  3217 | D:3      | Slain by an adder

Illustrated notes

Levels and vault maps discovered:
D:1:      saegor_arrival_simple_a, layout_basic, minmay_tripent
D:2:      layout_rooms, basic_altar, serial_shops, nicolae_shop_statue_plus,
          nicolae_shop_temple_entry_statues_fountains, nicolae_shop_waterfront,
          grunt_ministairs_9, minmay_bisected
D:3:      cheibrodos_pilgrimage, layout_loops_ring,
          ebering_ghost_reflecting_pool, shapermc_ecumenical_altar_totnotflames,
          serial_shops, nicolae_shop_hallway_stairs, uniq_terence

Skill      XL: |  1  2  3 |
---------------+----------+-----
Axes           | 1 2 3 |  3.1
Fighting       | 2 |  2.4
Armour         | |  1.5
Dodging        | |  0.7
Stealth        | |  0.5
Evocations     | |  2.6

Action                   |  1- 3 |  4- 6 || total
-------------------------+-------+-------++-------
Melee: Club              |    58 |       ||    58
       Tailslap          |    11 |       ||    11
       Mace              |    95 |       ||    95
       Hand axe          |       |    22 ||    22
Evoke: Wand              |     5 |       ||     5
  Use: Potion            |     1 |     2 ||     3
Armor: Leather armour    |    82 |     8 ||    90
Dodge: Dodged            |    95 |     7 ||   102

Table legend: (Time is in decaauts)
 A = Elapsed time spent in this place.
 B = Non-inter-level travel time spent in this place.
 C = Inter-level travel time spent in this place.
 D = Time resting spent in this place.
 E = Time spent auto-exploring this place.
 F = Levels seen in this place.
 G = Mean time per level.
                   A        B        C        D        E       F      G
               +--------+--------+--------+--------+--------+-----+--------+
         Total |   3272 |   2994 |    278 |     43 |   2443 |   3 | 1090.7 |
       Dungeon |   3272 |   2994 |    278 |     43 |   2443 |   3 | 1090.7 |
               +--------+--------+--------+--------+--------+-----+--------+

Top non-repeatable levels by time:
     D:1: 1967 daAuts
     D:2: 941 daAuts
     D:3: 363 daAuts

Table legend:
 A = Kills in this place as a percentage of kills in entire the game.
 B = Kills by you in this place as a percentage of kills by you in the entire game.
 C = Kills by friends in this place as a percentage of kills by friends in the entire game.
 D = Other kills in this place as a percentage of other kills in the entire game.
 E = Experience gained in this place as a percentage of experience gained in the entire game.
 F = Experience gained in this place divided by the number of levels of this place that you have seen.
                   A       B       C       D       E      F
               +-------+-------+-------+-------+-------+----------------------
         Total | 100.0 | 100.0 | 100.0 |   N/A | 100.0 |  40.3
       Dungeon | 100.0 | 100.0 | 100.0 |   N/A | 100.0 |  40.3
               +-------+-------+-------+-------+-------+----------------------
